[ AOE2 MATCH · #504651584 ]
UnrankedRomans vs Japanese
Player's team · WIN
Rival team · LOSS
[ REPLAY ANALYSIS · EXTRACTED FROM THE RECORDED GAME ]
Feudal
11:18
Castle
21:48
Imperial
—
| APM avg | 66.1 |
| APM peak | 82 |
| eAPM avg | 29.1 |
| Villagers / military | 50 / 38 |
Focus
⚔️ 42.4% · 🌾 57.6%
Archer ×14 · Militia ×12 · Skirmisher ×8 · Spearman ×3 · Knight ×1
Feudal
8:51
Castle
—
Imperial
—
| APM avg | 61.1 |
| APM peak | 95 |
| eAPM avg | 30.5 |
| Villagers / military | 47 / 29 |
Focus
⚔️ 21.4% · 🌾 78.6%
Archer ×18 · Militia ×6 · Scout Cavalry ×5
Match map
Initial resources + every placement click. Lines = walls · curves = elevation contours. ◆ gold · ⬟ stone · ● berries · ✦ relic · ◌ wall gap
Your base· Open — 6t gap
执者如旗's base· Open — unwalled flank
Smoothed initial terrain · ◌ = detected wall gap · hover for details
Inputs per minute
— The_Fury - - 执者如旗
Build order — The_Fury
144 actions detected in the replay
| 0:01 | Create | Villager (Male) |
| 0:01 | Create | Villager (Male) |
| 0:02 | Build | House |
| 0:02 | Create | Villager (Male) |
| 0:03 | Build | House |
| 0:07 | Create | Villager (Male) |
| 0:07 | Create | Villager (Male) |
| 1:23 | Create | Villager (Male) |
| 1:35 | Build | Lumber Camp |
| 1:52 | Create | Villager (Male) |
| 1:52 | Create | Villager (Male) |
| 2:15 | Create | Villager (Male) |
| 2:15 | Create | Villager (Male) |
| 2:48 | Create | Villager (Male) |
| 3:20 | Create | Villager (Male) |
| 3:20 | Create | Villager (Male) |
| 3:28 | Build | House |
| 3:42 | Create | Villager (Male) |
| 3:42 | Create | Villager (Male) |
| 4:03 | Build | Barracks |
| 4:06 | Create | Villager (Male) |
| 4:07 | Create | Villager (Male) |
| 4:24 | Build | House |
| 4:34 | Create | Villager (Male) |
| 4:52 | Create | Militia |
| 5:01 | Create | Villager (Male) |
| 5:07 | Build | House |
| 5:13 | Create | Militia |
| 5:13 | Create | Militia |
| 5:30 | Create | Villager (Male) |
| 5:30 | Create | Villager (Male) |
| 5:30 | Create | Villager (Male) |
| 5:41 | Create | Militia |
| 5:48 | Build | Mill |
| 5:49 | Create | Villager (Male) |
| 6:06 | Create | Militia |
| 6:06 | Create | Militia |
| 6:16 | Create | Villager (Male) |
| 6:48 | Create | Villager (Male) |
| 6:49 | Create | Villager (Male) |
| 6:49 | Create | Villager (Male) |
| 7:05 | Create | Villager (Male) |
| 7:13 | Create | Villager (Male) |
| 7:37 | Build | Mining Camp |
| 7:40 | Create | Villager (Male) |
| 8:02 | Create | Villager (Male) |
| 9:08 | Research | Feudal Age |
| 9:08 | Research | Feudal Age |
| 9:28 | Create | Militia |
| 9:29 | Create | Militia |
| 9:49 | Create | Militia |
| 9:49 | Create | Militia |
| 9:50 | Create | Militia |
| 9:50 | Create | Militia |
| 9:56 | Build | House |
| 10:22 | Build | House |
| 10:26 | Build | Farm |
| 10:26 | Build | Farm |
| 10:28 | Build | Farm |
| 10:40 | Build | House |
| 10:47 | Build | Palisade Wall |
| 10:50 | Build | Palisade Wall |
| 11:01 | Build | Palisade Wall |
| 11:03 | Build | Palisade Wall |
| 11:18 | Age | Feudal Age |
| 11:19 | Build | Archery Range |
| 11:22 | Research | Man-at-Arms (upgrade) |
| 11:23 | Research | Double-Bit Axe |
| 11:23 | Research | Double-Bit Axe |
| 11:24 | Create | Villager (Male) |
| 11:33 | Build | Blacksmith |
| 12:02 | Create | Archer |
| 12:02 | Create | Archer |
| 12:04 | Create | Villager (Male) |
| 12:05 | Build | House |
| 12:10 | Create | Archer |
| 12:25 | Create | Villager (Male) |
| 13:01 | Create | Villager (Male) |
| 13:08 | Build | Farm |
| 13:09 | Build | Farm |
| 13:10 | Build | Farm |
| 13:22 | Create | Villager (Male) |
| 13:23 | Build | Farm |
| 13:24 | Build | Farm |
| 13:28 | Create | Skirmisher |
| 13:43 | Create | Villager (Male) |
| 13:55 | Build | House |
| 13:57 | Build | House |
| 13:58 | Build | Farm |
| 13:58 | Create | Villager (Male) |
| 14:03 | Research | Fletching |
| 14:03 | Research | Fletching |
| 14:08 | Build | Farm |
| 14:18 | Create | Villager (Male) |
| 14:24 | Create | Skirmisher |
| 14:44 | Create | Skirmisher |
| 14:54 | Create | Villager (Male) |
| 15:00 | Build | Farm |
| 15:06 | Create | Skirmisher |
| 15:08 | Build | House |
| 15:22 | Create | Villager (Male) |
| 15:25 | Create | Skirmisher |
| 15:35 | Create | Skirmisher |
| 15:40 | Create | Skirmisher |
| 15:47 | Create | Skirmisher |
| 15:53 | Build | Farm |
| 15:54 | Create | Villager (Male) |
| 15:54 | Create | Villager (Male) |
| 16:11 | Create | Villager (Male) |
| 16:19 | Create | Villager (Male) |
| 16:38 | Build | Farm |
| 16:39 | Build | Farm |
| 16:56 | Create | Villager (Male) |
| 17:00 | Build | Market |
| 17:11 | Create | Archer |
| 17:20 | Create | Villager (Male) |
| 17:32 | Build | Lumber Camp |
| 17:38 | Build | House |
| 17:38 | Build | House |
| 17:45 | Create | Villager (Male) |
| 17:52 | Build | Farm |
| 17:57 | Create | Villager (Male) |
| 18:07 | Create | Villager (Male) |
| 18:10 | Create | Spearman |
| 18:17 | Create | Spearman |
| 18:24 | Build | Stable |
| 18:27 | Build | House |
| 18:30 | Research | Loom |
| 18:37 | Create | Spearman |
| 18:39 | Create | Archer |
| 19:08 | Research | Castle Age |
| 19:15 | Create | Archer |
| 19:15 | Create | Archer |
| 19:47 | Create | Archer |
| 19:47 | Create | Archer |
| 20:13 | Create | Archer |
| 20:20 | Create | Archer |
| 20:30 | Create | Archer |
| 20:52 | Create | Archer |
| 21:01 | Research | Gold Mining |
| 21:02 | Research | Horse Collar |
| 21:30 | Create | Archer |
| 21:48 | Age | Castle Age |
| 21:53 | Create | Knight |
Build order — 执者如旗
135 actions detected in the replay
| 0:00 | Create | Villager (Male) |
| 0:01 | Create | Villager (Male) |
| 0:02 | Build | House |
| 0:03 | Build | House |
| 0:15 | Create | Villager (Male) |
| 0:51 | Create | Villager (Male) |
| 1:32 | Create | Villager (Male) |
| 1:54 | Create | Villager (Male) |
| 2:09 | Build | Lumber Camp |
| 2:27 | Create | Villager (Male) |
| 2:35 | Create | Villager (Male) |
| 3:13 | Create | Villager (Male) |
| 3:32 | Create | Villager (Male) |
| 3:32 | Create | Villager (Male) |
| 3:50 | Build | House |
| 3:56 | Create | Villager (Male) |
| 4:31 | Create | Villager (Male) |
| 4:58 | Create | Villager (Male) |
| 5:03 | Create | Villager (Male) |
| 5:09 | Build | Barracks |
| 5:16 | Create | Villager (Male) |
| 5:24 | Research | Loom |
| 5:39 | Create | Villager (Male) |
| 6:37 | Research | Feudal Age |
| 6:37 | Research | Feudal Age |
| 6:53 | Build | Palisade Wall |
| 6:53 | Build | Palisade Wall |
| 7:01 | Build | Palisade Wall |
| 7:09 | Create | Villager (Male) |
| 7:16 | Build | Palisade Wall |
| 7:33 | Create | Militia |
| 7:33 | Create | Militia |
| 7:33 | Create | Militia |
| 7:48 | Create | Militia |
| 8:08 | Build | House |
| 8:10 | Create | Militia |
| 8:39 | Create | Villager (Male) |
| 8:51 | Age | Feudal Age |
| 9:05 | Create | Militia |
| 9:08 | Create | Villager (Male) |
| 9:30 | Create | Villager (Male) |
| 9:33 | Build | Archery Range |
| 9:58 | Create | Villager (Male) |
| 10:00 | Build | Mining Camp |
| 10:07 | Build | Mill |
| 10:09 | Create | Villager (Male) |
| 10:24 | Build | House |
| 10:36 | Create | Archer |
| 11:18 | Create | Archer |
| 11:24 | Build | Palisade Wall |
| 11:25 | Build | Palisade Wall |
| 11:30 | Build | Palisade Wall |
| 11:32 | Create | Villager (Male) |
| 11:47 | Build | House |
| 11:47 | Build | House |
| 11:52 | Build | Palisade Wall |
| 11:53 | Build | Palisade Wall |
| 11:57 | Create | Villager (Male) |
| 12:03 | Create | Archer |
| 12:29 | Create | Villager (Male) |
| 13:00 | Create | Villager (Male) |
| 13:04 | Create | Archer |
| 13:04 | Create | Archer |
| 13:23 | Build | Blacksmith |
| 13:24 | Build | Farm |
| 13:25 | Build | Farm |
| 13:25 | Build | Farm |
| 13:28 | Build | Farm |
| 13:45 | Create | Archer |
| 13:52 | Create | Villager (Male) |
| 13:53 | Create | Villager (Male) |
| 14:10 | Create | Villager (Male) |
| 14:14 | Build | Farm |
| 14:16 | Create | Archer |
| 14:32 | Build | Farm |
| 14:33 | Create | Villager (Male) |
| 14:54 | Create | Archer |
| 15:00 | Create | Villager (Male) |
| 15:25 | Create | Villager (Male) |
| 15:26 | Build | Farm |
| 15:30 | Create | Archer |
| 15:41 | Build | Watch Tower |
| 15:45 | Create | Villager (Male) |
| 15:58 | Create | Villager (Male) |
| 15:59 | Build | Farm |
| 16:01 | Build | Farm |
| 16:45 | Build | Stable |
| 16:46 | Create | Villager (Male) |
| 16:52 | Build | Farm |
| 16:53 | Create | Villager (Male) |
| 17:06 | Create | Villager (Male) |
| 17:17 | Research | Forging |
| 17:24 | Create | Scout Cavalry |
| 17:30 | Build | Farm |
| 17:30 | Build | Farm |
| 17:40 | Build | Lumber Camp |
| 17:46 | Create | Scout Cavalry |
| 17:54 | Create | Archer |
| 17:54 | Create | Archer |
| 18:01 | Build | House |
| 18:19 | Create | Scout Cavalry |
| 18:21 | Build | House |
| 18:23 | Create | Villager (Male) |
| 18:37 | Build | House |
| 18:40 | Build | House |
| 18:40 | Build | House |
| 18:44 | Build | Farm |
| 18:45 | Create | Villager (Male) |
| 18:47 | Build | Farm |
| 18:50 | Build | Farm |
| 19:07 | Create | Villager (Male) |
| 19:11 | Build | Farm |
| 19:22 | Build | Farm |
| 19:23 | Create | Villager (Male) |
| 19:26 | Create | Archer |
| 19:26 | Create | Archer |
| 19:29 | Create | Scout Cavalry |
| 19:41 | Create | Villager (Male) |
| 19:43 | Build | Farm |
| 20:27 | Create | Villager (Male) |
| 20:28 | Create | Archer |
| 20:29 | Create | Archer |
| 20:40 | Build | Farm |
| 20:40 | Build | Farm |
| 20:41 | Build | Farm |
| 20:41 | Build | Farm |
| 20:41 | Build | Farm |
| 20:49 | Create | Archer |
| 20:54 | Create | Villager (Male) |
| 21:03 | Research | Double-Bit Axe |
| 21:09 | Create | Villager (Male) |
| 21:30 | Create | Villager (Male) |
| 21:32 | Create | Archer |
| 21:32 | Create | Archer |
| 21:39 | Create | Scout Cavalry |
Match timeline
| 4:03 | The_Fury · first_building Barracks |
| 5:09 | 执者如旗 · first_building Barracks |
| 6:53 | 执者如旗 · wall_segment Palisade Wall x1 |
| 6:53 | 执者如旗 · wall_segment Palisade Wall x1 |
| 7:01 | 执者如旗 · wall_segment Palisade Wall x1 |
| 7:16 | 执者如旗 · wall_segment Palisade Wall x2 |
| 8:51 | 执者如旗 · age_up feudal |
| 9:33 | 执者如旗 · first_building Archery Range |
| 10:47 | The_Fury · wall_segment Palisade Wall x1 |
| 10:50 | The_Fury · wall_segment Palisade Wall x1 |
| 11:01 | The_Fury · wall_segment Palisade Wall x6 |
| 11:03 | The_Fury · wall_segment Palisade Wall x1 |
| 11:18 | The_Fury · age_up feudal |
| 11:19 | The_Fury · first_building Archery Range |
| 11:24 | 执者如旗 · wall_segment Palisade Wall x1 |
| 11:25 | 执者如旗 · wall_segment Palisade Wall x1 |
| 11:30 | 执者如旗 · wall_segment Palisade Wall x4 |
| 11:52 | 执者如旗 · wall_segment Palisade Wall x1 |
| 11:53 | 执者如旗 · wall_segment Palisade Wall x1 |
| 16:45 | 执者如旗 · first_building Stable |
| 18:24 | The_Fury · first_building Stable |
| 18:29 | The_Fury · first_market_buy 100 food |
| 18:29 | The_Fury · first_market_sell 100 wood |
| 21:48 | The_Fury · age_up castle |
| 21:53 | 执者如旗 · resign |
[ AI ANALYSIS · 1 CREDIT ]
What really happened in this match?
Wolo.gg analyzes every decision: build order, eco, micro, common mistakes by bracket. Personalized analysis on WhatsApp or Discord in 30 seconds.
Civ guide
Romans
Perfil
Jugador #8448734